 Dungeon Crawl Stone Soup version 0.25.1-2-g60ff931df9 (webtiles) character file.

Game seed: 9354872700350443885

57 H0rd4k the Magician (level 3, -1/19 HPs)
             Began as a Deep Elf Wizard on Oct 22, 2020.
             Slain by a quokka (3 damage)
             ... on level 2 of the Dungeon.
             The game lasted 00:04:36 (2254 turns).

H0rd4k the Magician (Deep Elf Wizard)               Turns: 2254, Time: 00:04:37

Health: -1/19      AC:  2    Str:  4    XL:     3   Next: 73%
Magic:  1/12       EV: 13    Int: 23    God:
Gold:   85         SH:  0    Dex: 13    Spells: 4/13 levels left

rFire    . . .     SeeInvis .   (no weapon)
rCold    . . .     Gourm    .   (no shield)
rNeg     . . .     Faith    .   a - +0 robe
rPois    .         Spirit   .   b - +0 hat
rElec    .         Reflect  .   (no cloak)
rCorr    .         Harm     .   (no gloves)
MR       .....                  (no boots)
Stlth    ++........             (no amulet)
HPRegen  0.06/turn              (no ring)
MPRegen  0.13/turn              (no ring)

@: no status effects
A: no striking features
a: no special abilities


You were on level 2 of the Dungeon.
You were hungry.

You visited 1 branch of the dungeon, and saw 3 of its levels.

You collected 85 gold pieces.

Inventory:

Armour
 a - a +0 robe (worn)
 b - a +0 hat (worn)
Jewellery
 m - an uncursed ring of protection from fire {unknown}
Scrolls
 e - a scroll of remove curse {unknown}
 g - a scroll of fog {unknown}
 j - 2 scrolls of enchant weapon {unknown}
 k - 3 scrolls of teleportation {unknown}
Potions
 c - 3 potions of curing {unknown}
 f - 3 potions of lignification {unknown}
 i - a potion of degeneration {unknown}
 l - a potion of ambrosia {unknown}
Comestibles
 d - 7 rations


   Skills:
 + Level 2.5 Dodging
 + Level 3.0 Stealth
 + Level 5.8 Spellcasting
 + Level 1.7 Conjurations
   Level 1.1 Summonings
 + Level 1.1 Translocations
 * Level 0.3 Fire Magic


You had 4 spell levels left.
You knew the following spells:

 Your Spells              Type           Power        Failure   Level  Hunger
a - Magic Dart            Conj           ##..         4%          1    None
b - Blink                 Tloc           N/A          9%          2    None
c - Conjure Flame         Conj/Fire      ##......     17%         3    #......
d - Mephitic Cloud        Conj/Pois/Air  #.......     21%         3    #......

Your spell library contained the following spells:

 Spells                   Type           Power        Failure   Level  Hunger
 Call Imp                 Summ           ##......     9%          2    None
 Slow                     Hex            #.......     13%         2    None


Dungeon Overview and Level Annotations

Branches:
Dungeon (3/15)

Altars:


Message History

The magic dart hits the quokka.
The quokka is moderately wounded.
The quokka bites you but does no damage.
Casting: Magic Dart (safe; 4% risk of failure)
Confirm with . or Enter, or press ? or * to list all spells.
Aiming: Magic Dart (safe; 4% risk of failure)
Press: ? - help, Shift-Dir - straight line, f/p - quokka
Aim: a quokka (moderately wounded)
The magic dart hits the quokka but does no damage.
The quokka is moderately wounded.
The quokka bites you but does no damage.
Casting: Magic Dart (safe; 4% risk of failure)
Confirm with . or Enter, or press ? or * to list all spells.
You don't have enough magic to cast that spell.
Unknown command.
The quokka bites you.
* * * LOW HITPOINT WARNING * * *
Your magical contamination has completely faded away.
The quokka bites you.
You die...

#.# #............
#.####.......#.###
#...............#.
#.############..#. #.# #..#. #.#
#..#. #s# ####..#. #r# #.......
#@# #....[.. #.# #....... #.#
#.......
###########.#########.......
#...........................
#.....#...#.#...#...........
##......#.#...#.#............
#####....#...#.....#...#......##.
....'....รท#..#.....#..#..........


You could see a quokka and a giant cockroach.

Vanquished Creatures
  An ooze (D:1)
  2 worms (D:2)
  3 dart slugs
  A ball python (D:2)
  2 giant cockroaches
  5 goblins
  4 hobgoblins
  5 bats
  5 frilled lizards
  6 kobolds
  8 rats
42 creatures vanquished.

Notes
Turn   | Place    | Note
-------+----------+-------------------------------------------
     0 | D:1      | H0rd4k the Deep Elf Wizard began the quest for the Orb.
     0 | D:1      | Reached XP level 1. HP: 10/10 MP: 7/7
   151 | D:1      | Reached skill level 5 in Spellcasting
   151 | D:1      | Reached XP level 2. HP: 15/15 MP: 0/10
  1016 | D:2      | Reached XP level 3. HP: 19/19 MP: 8/12
  1024 | D:2      | Learned a level 2 spell: Blink
  1028 | D:2      | Learned a level 3 spell: Conjure Flame
  1032 | D:2      | Learned a level 3 spell: Mephitic Cloud
  1555 | D:2      | Found a faded altar of an unknown god.
  2254 | D:2      | Slain by a quokka

Illustrated notes

Levels and vault maps discovered:
D:1:      dpeg_arrival_stonehenge_8_columns, layout_loops_ring,
          hangedman_decor_points
D:2:      layout_basic, chequers_ecumenical_altar_simple_redux,
          minmay_splitting_lines
D:3:      layout_rooms, uniq_grinder

Skill      XL: |  1  2  3 |
---------------+----------+-----
Spellcasting   | 5 |  5.8
Stealth        | 3 |  3.0
Dodging        | |  2.5
Conjurations   | |  1.7
Summonings     | |  1.1
Translocations | |  1.1
Fire Magic     | |  0.3

Action                   || total
-------------------------++-------
 Cast: Magic Dart        ||   130
  Eat: Chunk             ||     3
Armor: Robe              ||    10
Dodge: Dodged            ||    38
